| TOP OF THE 1ST |
|
University of Florida Gators batting - Pitching for Oregon State University Beavers : RHP Takao Yamada
|
|
Pitching: RHP Takao Yamada
|
|
|
Batting: RHB Jiao-long Zhào
|
0-0: Swinging Strike 0-1: DOUBLE (Line Drive, 9LS, EV 100.0 MPH) - OUT at third base trying to stretch hit.
|
|
Batting: LHB Roy Davies
|
0-0: Ball 1-0: Ball 2-0: Called Strike 2-1: Reached on error, E4 (Groundball, 4D, EV 88.1 MPH)
|
|
Batting: RHB Gong-sun Law
|
0-0: Ball Balk! Roy Davies to third 1-0: Ball 2-0: Fly out, F8 (Flyball, 8RD, EV 110.6 MPH) Runner from 3rd tags up, SCORES, throw by CF
|
|
Batting: SHB Nelson Carachure
|
0-0: Foul Ball, location: 2F 0-1: Ball 1-1: Called Strike 1-2: Strikes out swinging
|
| Top of the 1st over - 1 run, 1 hit, 1 error, 0 left on base; University of Florida 1 - Oregon State University 0 |
| BOTTOM OF THE 1ST |
|
Oregon State University Beavers batting - Pitching for University of Florida Gators : RHP Jordan Williams
|
|
Pitching: RHP Jordan Williams
|
|
|
Batting: RHB Lionello Pancaldi
|
0-0: Called Strike 0-1: Swinging Strike 0-2: Ball 1-2: Foul Ball, location: 2F 1-2: Ball 2-2: Foul Ball, location: 2F 2-2: Foul Ball, location: 2F 2-2: Fly out, F8 (Flyball, 89D, EV 102.5 MPH)
|
|
Batting: RHB Israel Soto
|
0-0: Called Strike 0-1: Ball 1-1: Called Strike 1-2: Fly out, F9 (Flyball, 9, EV 96.2 MPH)
|
|
Batting: RHB Luis Flores
|
0-0: Foul Ball, location: 2F 0-1: Ball 1-1: Ball 2-1: Foul Ball, location: 2F 2-2: Foul Ball, location: 2F 2-2: Foul Ball, location: 2F 2-2: Foul Ball, location: 2F 2-2: DOUBLE (Line Drive, 8RXD, EV 101.9 MPH)
|
|
Batting: RHB Rafael Ventura
|
0-0: Ball 1-0: Ball 2-0: Ball 3-0: Called Strike 3-1: Fly out, F8 (Flyball, 8RD, EV 90.6 MPH)
|
| Bottom of the 1st over - 0 runs, 1 hit, 0 errors, 1 left on base; University of Florida 1 - Oregon State University 0 |
| TOP OF THE 2ND |
|
University of Florida Gators batting - Pitching for Oregon State University Beavers : RHP Takao Yamada
|
|
Batting: RHB Jae-won Kwon
|
0-0: Ball 1-0: Fly out, F8 (Line Drive, 78M, EV 99.4 MPH)
|
|
Batting: RHB Lião Weishampt
|
0-0: Ball 1-0: Ball 2-0: Ball 3-0: Called Strike 3-1: Swinging Strike 3-2: Ground out 4-3 (Groundball, 4, EV 89.4 MPH)
|
|
Batting: SHB Tokuichi Ishida
|
0-0: Called Strike 0-1: Foul Ball, location: 2F 0-2: Foul Ball, location: 2F 0-2: Foul Ball, location: 2F 0-2: Ground out 5-3 (Groundball, 56, EV 98.8 MPH)
|
| Top of the 2nd over - 0 runs, 0 hits, 0 errors, 0 left on base; University of Florida 1 - Oregon State University 0 |
| BOTTOM OF THE 2ND |
|
Oregon State University Beavers batting - Pitching for University of Florida Gators : RHP Jordan Williams
|
|
Batting: SHB Jim Chute
|
0-0: Ball 1-0: Called Strike 1-1: Ball 2-1: Foul Ball, location: 2F 2-2: Fly out, F9 (Flyball, 9D, EV 105.0 MPH)
|
|
Batting: LHB Jason Trevarrow
|
0-0: Ball 1-0: Called Strike 1-1: Foul Ball, location: 2F 1-2: Ground out 4-3 (Groundball, 4, EV 90.0 MPH)
|
|
Batting: LHB Brock Darby
|
0-0: Called Strike 0-1: Ball 1-1: Called Strike 1-2: Ball 2-2: Ball 3-2: Foul Ball, location: 2F 3-2: Foul Ball, location: 2F 3-2: Base on Balls
|
|
Batting: SHB Manny Zatarain
|
0-0: Swinging Strike 0-1: Foul Ball, location: 2F 0-2: Strikes out swinging
|
| Bottom of the 2nd over - 0 runs, 0 hits, 0 errors, 1 left on base; University of Florida 1 - Oregon State University 0 |
| TOP OF THE 3RD |
|
University of Florida Gators batting - Pitching for Oregon State University Beavers : RHP Takao Yamada
|
|
Batting: SHB Pat Justice
|
0-0: Ball 1-0: Foul Ball, location: 2F 1-1: Swinging Strike 1-2: Strikes out looking
|
|
Batting: RHB Juan Lopez
|
0-0: Called Strike 0-1: Ball 1-1: Foul Ball, location: 2F 1-2: Foul Ball, location: 2F 1-2: Ball 2-2: Foul Ball, location: 2F 2-2: Foul Ball, location: 2F 2-2: Strikes out swinging
|
|
Batting: RHB Jiao-long Zhào
|
0-0: Called Strike 0-1: Ball 1-1: Ball 2-1: Swinging Strike 2-2: Foul Ball, location: 2F 2-2: Strikes out looking
|
| Top of the 3rd over - 0 runs, 0 hits, 0 errors, 0 left on base; University of Florida 1 - Oregon State University 0 |
| BOTTOM OF THE 3RD |
|
Oregon State University Beavers batting - Pitching for University of Florida Gators : RHP Jordan Williams
|
|
Batting: SHB Sosaia Apelahama
|
0-0: SINGLE (Groundball, 13, EV 85.6 MPH) (infield hit)
|
|
Batting: RHB Lionello Pancaldi
|
0-0: Ball 1-0: Ball 2-0: Foul Ball, location: 2F 2-1: Foul Ball, location: 2F 2-2: Strikes out swinging
|
|
Batting: RHB Israel Soto
|
0-0: Ball Sosaia Apelahama steals 2nd base 1-0: Called Strike 1-1: Ground out 6-3 (Groundball, 56, EV 93.8 MPH)
|
|
Batting: RHB Luis Flores
|
0-0: Called Strike 0-1: SINGLE (Line Drive, 9LS, EV 103.8 MPH) Sosaia Apelahama to third Runner from 3rd tries for Home, SAFE, throw by RF to home
|
|
Batting: RHB Rafael Ventura
|
0-0: Ground out 5-3 (Groundball, 5S, EV 86.9 MPH)
|
| Bottom of the 3rd over - 1 run, 2 hits, 0 errors, 1 left on base; University of Florida 1 - Oregon State University 1 |
| TOP OF THE 4TH |
|
University of Florida Gators batting - Pitching for Oregon State University Beavers : RHP Takao Yamada
|
|
Batting: LHB Roy Davies
|
0-0: Swinging Strike 0-1: Ground out 4-3 (Groundball, 4, EV 79.4 MPH)
|
|
Batting: RHB Gong-sun Law
|
0-0: Swinging Strike 0-1: Foul Ball, location: 2F 0-2: Ball 1-2: Foul Ball, location: 2F 1-2: Strikes out swinging
|
|
Batting: SHB Nelson Carachure
|
0-0: Ball 1-0: Foul Ball, location: 2F 1-1: Called Strike 1-2: Foul Ball, location: 2F 1-2: Ground out 5-3 (Groundball, 15, EV 75.6 MPH)
|
| Top of the 4th over - 0 runs, 0 hits, 0 errors, 0 left on base; University of Florida 1 - Oregon State University 1 |
| BOTTOM OF THE 4TH |
|
Oregon State University Beavers batting - Pitching for University of Florida Gators : RHP Jordan Williams
|
|
Batting: SHB Jim Chute
|
0-0: Ball 1-0: Swinging Strike 1-1: Ground out 6-3 (Groundball, 6, EV 85.6 MPH)
|
|
Batting: LHB Jason Trevarrow
|
0-0: Called Strike 0-1: Ball 1-1: Ball 2-1: Foul Ball, location: 2F 2-2: DOUBLE (Groundball, 3L, EV 104.4 MPH)
|
|
Batting: LHB Brock Darby
|
0-0: Called Strike 0-1: Ball 1-1: Ball 2-1: Ball 3-1: Ground out 4-3 (Groundball, 4S, EV 82.5 MPH) Jason Trevarrow to third
|
|
Batting: SHB Manny Zatarain
|
0-0: Ball 1-0: Called Strike 1-1: Called Strike 1-2: Strikes out swinging
|
| Bottom of the 4th over - 0 runs, 1 hit, 0 errors, 1 left on base; University of Florida 1 - Oregon State University 1 |
| TOP OF THE 5TH |
|
University of Florida Gators batting - Pitching for Oregon State University Beavers : RHP Takao Yamada
|
|
Batting: RHB Jae-won Kwon
|
0-0: Called Strike 0-1: Ball 1-1: Called Strike 1-2: Strikes out looking
|
|
Batting: RHB Lião Weishampt
|
0-0: Ball 1-0: Ball 2-0: Foul Ball, location: 2F 2-1: Foul Ball, location: 2F 2-2: Reached on error, E6 (Groundball, 6S, EV 71.9 MPH)
|
|
Batting: SHB Tokuichi Ishida
|
0-0: Ball 1-0: Ground out 5-3 (Groundball, 5, EV 93.1 MPH) Lião Weishampt to second
|
|
Batting: SHB Pat Justice
|
0-0: Called Strike 0-1: Ball 1-1: Called Strike 1-2: Ball 2-2: Strikes out swinging
|
| Top of the 5th over - 0 runs, 0 hits, 1 error, 1 left on base; University of Florida 1 - Oregon State University 1 |
| BOTTOM OF THE 5TH |
|
Oregon State University Beavers batting - Pitching for University of Florida Gators : RHP Jordan Williams
|
|
Batting: SHB Sosaia Apelahama
|
0-0: Swinging Strike 0-1: Ball 1-1: Ball 2-1: Foul Ball, location: 2F 2-2: Strikes out swinging
|
|
Pitching: RHP Carlos Figueroa
|
|
|
Batting: RHB Lionello Pancaldi
|
0-0: SINGLE (Flyball, 3D, EV 95.6 MPH)
|
|
Batting: RHB Israel Soto
|
0-0: Ball 1-0: Ball Lionello Pancaldi steals 2nd base 2-0: Ball 3-0: Called Strike 3-1: Ground out 3-1 (Groundball, 34, EV 82.5 MPH) Lionello Pancaldi to third
|
|
Batting: RHB Luis Flores
|
0-0: Ball 1-0: Fly out, F9 (Flyball, 9D, EV 88.1 MPH)
|
| Bottom of the 5th over - 0 runs, 1 hit, 0 errors, 1 left on base; University of Florida 1 - Oregon State University 1 |
| TOP OF THE 6TH |
|
University of Florida Gators batting - Pitching for Oregon State University Beavers : RHP Takao Yamada
|
|
Batting: RHB Juan Lopez
|
0-0: Ball 1-0: Ball 2-0: Ball 3-0: Base on Balls
|
|
Pitching: RHP Sun-dong Pak
|
|
|
Batting: RHB Jiao-long Zhào
|
0-0: Fielders Choice at 2nd, 6-4 (Groundball, 6D, EV 103.1 MPH)
|
|
Batting: LHB Roy Davies
|
0-0: Swinging Strike 0-1: Called Strike Jiao-long Zhào steals 2nd base 0-2: Foul Ball, location: 2F 0-2: Fly out, F6 (Popup, 6M, EV 51.2 MPH)
|
|
Batting: RHB Gong-sun Law
|
0-0: Called Strike 0-1: Foul Ball, location: 2F 0-2: Strikes out swinging
|
| Top of the 6th over - 0 runs, 0 hits, 0 errors, 1 left on base; University of Florida 1 - Oregon State University 1 |
| BOTTOM OF THE 6TH |
|
Oregon State University Beavers batting - Pitching for University of Florida Gators : RHP Carlos Figueroa
|
|
Batting: RHB Rafael Ventura
|
0-0: Ball 1-0: Called Strike 1-1: SINGLE (Line Drive, 6D, EV 106.2 MPH)
|
|
Batting: SHB Jim Chute
|
0-0: Foul Ball, location: 2F 0-1: Ball 1-1: Ball 2-1: Swinging Strike 2-2: Strikes out swinging
|
|
Batting: LHB Jason Trevarrow
|
0-0: Called Strike 0-1: Called Strike 0-2: Fly out, F9 (Flyball, 9, EV 77.5 MPH)
|
|
Batting: LHB Brock Darby
|
0-0: Ball 1-0: Foul Ball, location: 2F 1-1: Foul Ball, location: 2F 1-2: Ground out 5-3 (Groundball, 56S, EV 71.2 MPH)
|
| Bottom of the 6th over - 0 runs, 1 hit, 0 errors, 1 left on base; University of Florida 1 - Oregon State University 1 |
| TOP OF THE 7TH |
|
University of Florida Gators batting - Pitching for Oregon State University Beavers : RHP Sun-dong Pak
|
|
Batting: SHB Nelson Carachure
|
0-0: Called Strike 0-1: Ball 1-1: Ball 2-1: Ground out 4-3 (Groundball, 4, EV 86.9 MPH)
|
|
Batting: RHB Jae-won Kwon
|
0-0: Ground out 6-3 (Groundball, 56, EV 84.4 MPH)
|
|
Batting: RHB Lião Weishampt
|
0-0: Called Strike 0-1: Foul Ball, location: 2F 0-2: Foul Ball, location: 2F 0-2: Ball 1-2: Ball 2-2: Ball 3-2: Fly out, F9 (Flyball, 9, EV 92.5 MPH)
|
| Top of the 7th over - 0 runs, 0 hits, 0 errors, 0 left on base; University of Florida 1 - Oregon State University 1 |
| BOTTOM OF THE 7TH |
|
Oregon State University Beavers batting - Pitching for University of Florida Gators : RHP Carlos Figueroa
|
|
Batting: SHB Manny Zatarain
|
0-0: Ground out 4-3 (Groundball, 4, EV 92.5 MPH)
|
|
Batting: SHB Sosaia Apelahama
|
0-0: Ball 1-0: Foul Ball, location: 2F 1-1: Foul Ball, location: 2F 1-2: Ground out 6-3 (Groundball, 6M, EV 93.8 MPH)
|
|
Batting: RHB Lionello Pancaldi
|
0-0: Called Strike 0-1: Ball 1-1: Swinging Strike 1-2: Fly out, F4 (Popup, 4, EV 75.6 MPH)
|
| Bottom of the 7th over - 0 runs, 0 hits, 0 errors, 0 left on base; University of Florida 1 - Oregon State University 1 |
| TOP OF THE 8TH |
|
University of Florida Gators batting - Pitching for Oregon State University Beavers : RHP Sun-dong Pak
|
|
Batting: SHB Tokuichi Ishida
|
0-0: Ground out 4-3 (Groundball, 4, EV 87.5 MPH)
|
|
Batting: SHB Pat Justice
|
0-0: Ground out 4-3 (Groundball, 4, EV 82.5 MPH)
|
|
Pinch Hitting: LHB Dave Newsome
|
0-0: Called Strike 0-1: Foul Ball, location: 2F 0-2: Strikes out swinging
|
| Top of the 8th over - 0 runs, 0 hits, 0 errors, 0 left on base; University of Florida 1 - Oregon State University 1 |
| BOTTOM OF THE 8TH |
|
Oregon State University Beavers batting - Pitching for University of Florida Gators : RHP Carlos Figueroa
|
|
Now at 3B: Manny Harrison
|
|
|
Batting: RHB Israel Soto
|
0-0: Ball 1-0: Called Strike 1-1: Foul Ball, location: 2F 1-2: Ball 2-2: Ball 3-2: Foul Ball, location: 2F 3-2: Base on Balls
|
|
Batting: RHB Luis Flores
|
0-0: Called Strike 0-1: Ball 1-1: Called Strike 1-2: Ball 2-2: Ball 3-2: Foul Ball, location: 2F 3-2: Strikes out swinging
|
|
Batting: RHB Rafael Ventura
|
0-0: Swinging Strike 0-1: Ball 1-1: Ball 2-1: Foul Ball, location: 2F 2-2: Foul Ball, location: 2F 2-2: Fielders Choice at 2nd, 4-6 (Groundball, 4, EV 80.6 MPH)
|
|
Batting: SHB Jim Chute
|
0-0: Ball 1-0: Ball 2-0: Swinging Strike 2-1: Fly out, F9 (Flyball, 9, EV 75.0 MPH)
|
| Bottom of the 8th over - 0 runs, 0 hits, 0 errors, 1 left on base; University of Florida 1 - Oregon State University 1 |
| TOP OF THE 9TH |
|
University of Florida Gators batting - Pitching for Oregon State University Beavers : RHP Sun-dong Pak
|
|
Batting: RHB Jiao-long Zhào
|
0-0: Swinging Strike 0-1: Ball 1-1: Swinging Strike 1-2: Strikes out swinging
|
|
Batting: LHB Roy Davies
|
0-0: Ball 1-0: Called Strike 1-1: SINGLE (Groundball, 34D, EV 98.8 MPH)
|
|
Batting: RHB Gong-sun Law
|
0-0: Called Strike 0-1: Swinging Strike 0-2: SINGLE (Groundball, 3D, EV 101.9 MPH) Roy Davies to second Runner from 2nd tries for 3rd, SAFE, throw by RF made to third
|
|
Batting: SHB Nelson Carachure
|
0-0: Fly out, F9 (Line Drive, 89D, EV 92.5 MPH) Runner from 3rd tags up, SCORES, no throw by RF
|
|
Batting: RHB Jae-won Kwon
|
0-0: Fly out, F4 (Popup, 34D, EV 71.9 MPH)
|
| Top of the 9th over - 1 run, 2 hits, 0 errors, 1 left on base; University of Florida 2 - Oregon State University 1 |
| BOTTOM OF THE 9TH |
|
Oregon State University Beavers batting - Pitching for University of Florida Gators : RHP Carlos Figueroa
|
|
Pitching: RHP Danny Crespo
|
|
|
Batting: LHB Jason Trevarrow
|
0-0: Swinging Strike 0-1: Called Strike 0-2: Ball 1-2: Ball 2-2: Ball 3-2: Base on Balls
|
|
Batting: LHB Brock Darby
|
0-0: Sac Bunt to 25 - play at first, batter OUT! 5-3 Jason Trevarrow to second
|
|
Pinch Hitting: LHB Pablo Fraga
|
0-0: Ground out U3 (Groundball, 3L, EV 91.9 MPH) Jason Trevarrow to third
|
|
Batting: SHB Sosaia Apelahama
|
0-0: Foul Ball, location: 2F 0-1: Foul Ball, location: 2F 0-2: Ball 1-2: Strikes out swinging
|
| Bottom of the 9th over - 0 runs, 0 hits, 0 errors, 1 left on base; University of Florida 2 - Oregon State University 1 |
|